 Dungeon Crawl Stone Soup version 0.32-a0-119-g2e8054a333 (webtiles) character file.

Game seed: 17440056065201691562

183958 zeratav the Hermetic (level 18, -20/153 HPs)
             Began as a Djinni Conjurer on Feb 1, 2023.
             Was a Priest of Ashenzari.
             Demolished by an alligator snapping turtle (28 damage)
             ... on level 2 of the Shoals on Feb 6, 2024.
             The game lasted 02:04:09 (31218 turns).

zeratav the Hermetic (Djinni Conjurer)             Turns: 31218, Time: 02:04:10

Health: -20/153    AC: 18    Str: 12    XL:     18   Next: 64%
Gold:   1977       EV: 17    Int: 27    God:    Ashenzari [***...] SH: 15 Dex: 10

rFire   + + +        o - +1 spear of the Chained Discomfort {heavy, polearm, Self, Melee} (curse)
rCold   + + .        D - +0 kite shield {reflect}
rNeg    + . .        U - +0 scale mail of Ashenzari's Absolutism {rC+++ Regen+ rCorr Dex-3, Cun, Fort} (curse)
rPois   ∞            M - +2 helmet of the Astral Vision {SInv, Cun, Fort} (curse)
rElec   +            n - +0 cloak {rCorr}
rCorr   +            h - +2 pair of gloves
SInv    +            (boots unavailable)
Will    ++...        L - amulet of Panopticon {Reflect rF++ Will+ SH+5, Cun, Self} (curse)
Stlth   ++           d - +5 ring of evasion
HPRegen 1.25/turn    I - ring of the Sibylline Doubts {rElec rN+ Str+6, Cun, Self} (curse)
MPRegen 0.00/turn

%: reflection, clarity, infuse magic (-21 HP)
@: spiked, on blink cooldown, flying, very slightly contaminated
A: sickness immunity, fire resistance 2, cold vulnerability 1, float, innate
caster, HP casting, extra vitality 1
}: 1/15 runes: gossamer
a: Renounce Religion, Curse Item, Shatter the Chains


You were on level 2 of the Shoals.
You worshipped Ashenzari.
Ashenzari was most pleased with you.
You visited 6 branches of the dungeon, and saw 27 of its levels.
You also visited: Gauntlet.

You collected 3170 gold pieces.
You spent 1193 gold pieces at shops.


Innate Abilities, Weirdness & Mutations

You are immune to sickness and miasma.
You are immune to poison.
Your flesh is very heat resistant. (rF++)
You are vulnerable to cold. (rC-)
You float through the air rather than walking.
You learn spells naturally, not from books.
Your magical power is your life essence.
You have superior vitality. (+4 MHP)


   Skills:
 * Level 18.4(21.1) Fighting
 + Level 12.2(14.4) Armour
 - Level 11.1(14.6) Dodging
 - Level 5.0(8.4) Stealth
 - Level 7.4(9.7) Shields
 * Level 15.2(18.0) Spellcasting
 * Level 15.2 Conjurations
 * Level 15.2 Hexes
 * Level 15.2 Summonings
 * Level 15.2 Necromancy
 * Level 15.2 Translocations
 * Level 15.2 Fire Magic
 * Level 15.2 Ice Magic
 * Level 15.2 Air Magic
 * Level 15.2 Earth Magic
 * Level 20.7 Alchemy


You knew the following spells:

 Your Spells              Type           Power      Damage    Failure   Level
a - Summon Hydra          Summ           41%        N/A       26%         7
b - Arcjolt               Conj/Air       41%        1d51      1%          5
c - Conjure Ball Lightni  Conj/Air       41%        3x3d13    4%          6
d - Fulminant Prism       Conj/Alch      44%        3d19      1%          4
e - Iskenderun's Mystic   Conj/Tloc      82%        2d16      1%          4
f - Necrotise             Necr           100%       1d9       1%          1
g - Blink                 Tloc           100%       N/A       1%          2
h - Teleport Other        Tloc           82%        N/A       1%          3
i - Ignite Poison         Fire/Alch      88%        N/A       1%          4
j - Searing Ray           Conj           100%       2d8       1%          2
k - Irradiate             Conj/Alch      44%        3d26      1%          5
l - Dazzling Flash        Conj/Hex       100%       N/A       1%          3
m - Magic Dart            Conj           100%       1d8       1%          1
Your spell library was empty.

Inventory:

Hand Weapons
 k - the +3 short sword "Ewnel" {freeze, ^Fragile rPois rC+++ Int+3, short}
   (You found it on level 1 of the Shoals)

   Int+3:     It affects your intelligence (+3).
   rC+++:     It renders you almost immune to cold.
   rPois:     It protects you from poison ^Fragile: It will be destroyed if
   unequipped.
 o - the cursed +1 spear of the Chained Discomfort (weapon) {heavy, polearm, Self, Melee}
   (You took it off a kobold on level 3 of the Dungeon)

   It has a curse which improves the following skills: Introspection: Fighting
   and Spellcasting.
   Melee Combat: Short Blades, Long Blades, Axes, Maces & Flails, Polearms,
   Staves and Unarmed Combat.
 Q - the +6 spear "Rothall" {antimagic, rF+ rN+, polearm}
   (You found it in a Gauntlet)

   rF+:       It protects you from fire.
   rN+:       It protects you from negative energy.
Armour
 h - a +2 pair of gloves (worn)
   (You found it on level 2 of the Dungeon)
 n - a +0 cloak of preservation (worn)
   (You found it in a Gauntlet)
 z - the +0 leather armour of Inaction {Regen+ Str+4 Int+3}
   (You found it in a Gauntlet)

   Str+4:     It affects your strength (+4).
   Int+3:     It affects your intelligence (+3).
   Regen+:    It increases your rate of health regeneration.
 D - a +0 kite shield of reflection (worn)
   (You took it off Donald on level 3 of the Spider Nest)
 M - the cursed +2 helmet of the Astral Vision (worn) {SInv, Cun, Fort}
   (You found it on level 9 of the Dungeon)

   It has a curse which improves the following skills: Cunning: Dodging and
   Stealth.
   Fortitude: Armour and Shields.
 R - a +2 hat of willpower
   (You took it off Gastronok on level 2 of the Lair of Beasts)
 U - the cursed +0 scale mail of Ashenzari's Absolutism (worn) {rC+++ Regen+ rCorr Dex-3, Cun, Fort}
   (You bought it in a shop on level 12 of the Dungeon)

   Dex-3:     It affects your dexterity (-3).
   rC+++:     It renders you almost immune to cold.
   Regen+:    It increases your rate of health regeneration.
   rCorr:     It protects you from acid and corrosion.
   It has a curse which improves the following skills: Cunning: Dodging and
   Stealth.
   Fortitude: Armour and Shields.
 Y - the +4 ring mail of the Delightful Okapi {rC- rCorr Dex+6 SInv}
   (You found it on level 1 of the Shoals)

   Dex+6:     It affects your dexterity (+6).
   rC-:       It makes you vulnerable to cold.
   SInv:      It lets you see invisible.
   rCorr:     It protects you from acid and corrosion.
Jewellery
 a - a ring of see invisible
   (You found it on level 1 of the Shoals)
 d - a +5 ring of evasion (left hand)
   (You found it on level 1 of the Dungeon)
 B - a +4 ring of protection
   (You found it on level 6 of the Dungeon)
 H - a ring of resist corrosion
   (You found it on level 8 of the Dungeon)
 I - the cursed ring of the Sibylline Doubts (right hand) {rElec rN+ Str+6, Cun, Self}
   (You found it on level 2 of the Lair of Beasts)

   [ring of strength]

   Str+6:     It affects your strength (+6).
   rElec:     It insulates you from electricity.
   rN+:       It protects you from negative energy.
   It has a curse which improves the following skills: Cunning: Dodging and
   Stealth.
   Introspection: Fighting and Spellcasting.
 J - a ring of wizardry
   (You found it on level 4 of the Lair of Beasts)
 L - the cursed amulet of Panopticon (around neck) {Reflect rF++ Will+ SH+5, Cun, Self}
   (You found it on level 9 of the Dungeon)

   [amulet of reflection]

   Reflect:   It reflects blocked missile attacks.
   rF++:      It greatly protects you from fire.
   Will+:     It increases your willpower.
   SH+5:      It affects your SH (+5).
   It has a curse which improves the following skills: Cunning: Dodging and
   Stealth.
   Introspection: Fighting and Spellcasting.
 N - a +6 ring of dexterity
   (You found it in a Gauntlet)
 T - a ring of willpower
   (You found it on level 2 of the Lair of Beasts)
Wands
 b - a wand of polymorph (17)
   (You found it on level 3 of the Dungeon)
 y - a wand of digging (8)
   (You found it on level 5 of the Dungeon)
 E - a wand of flame (66)
   (You found it on level 7 of the Dungeon)
 F - a wand of roots (37)
   (You found it on level 8 of the Dungeon)
 K - a wand of paralysis (14)
   (You found it on level 8 of the Dungeon)
 P - a wand of mindburst (2)
   (You found it in a Gauntlet)
Scrolls
 c - 2 scrolls of enchant armour
 i - 2 scrolls of brand weapon
 j - 6 scrolls of enchant weapon
 l - 4 scrolls of fear
 r - a scroll of blinking {!r}
 s - 4 scrolls of vulnerability {!r!r}
 w - 3 scrolls of summoning
 x - 14 scrolls of teleportation {@r4}
 W - 3 scrolls of revelation {!r}
 X - a scroll of fog
Potions
 e - 2 potions of attraction {!q}
 f - 5 potions of ambrosia
 g - 10 potions of haste {@q3}
 m - 2 potions of might
 p - 6 potions of mutation {!q}
 q - 6 potions of brilliance
 t - 8 potions of curing {@q1}
 u - 8 potions of heal wounds {@q2}
 v - 2 potions of invisibility
 A - 4 potions of enlightenment
 C - 3 potions of cancellation
 S - a potion of berserk rage {!q}
 V - 2 potions of lignification {!q}
 Z - a potion of resistance
Miscellaneous
 G - a condenser vane
   (You found it in a Gauntlet)

Dungeon Overview and Level Annotations

Branches:
Dungeon (13/15) Zot: 23930  Temple (1/1) D:5 Zot: 5900    Lair (5/5) D:11 Zot: 23577
 Shoals (2/4) Lair:2 Zot: 10715  Spider (4/4) Lair:2 Zot: 17925   Slime (0/5) Lair:4
    Orc (2/2) D:10 Zot: 10347     Elf (0/3) Orc:2       Gauntlet (visited)
 Vaults: D:13-14

Altars:
Ashenzari
Cheibriados
Dithmenos
Elyvilon
Fedhas
Gozag
Hepliaklqana
Makhleb
Nemelex Xobeh
Okawaru
Qazlal
Ru
Trog
Uskayaw
Wu Jian
Xom
Yredelemnul
Zin
The Shining One
Jiyva

Shops:
D:8 [   D:12 [   Orc:2 ((((

Portals:
Hell: Lair:5

Annotations:
D:5 1 runed translucent door, Crazy Yiuf
D:10 2 runed translucent doors, exclusion: orange crystal statue
Lair:2 3 runed translucent doors, bmack86's ghost, journeyman MiFi

≈≈≈~~.~~~.##..~~~~
~≈≈~~~~~...#......
~~~~~~~~....~≈~...
~~~~~~~~...~≈≈≈≈..
..........~≈≈≈≈≈≈.
..>........~~≈≈≈≈≈~~
....(.......≈≈≈≈≈~~~
........†...@≈≈~~≈≈~
........##†.~≈≈≈~~≈~
....... ##t~≈≈≈≈≈≈~~
......)##<†..~†≈≈~~~
....~~.......~~≈≈≈~~
....~~.H......~~≈~.~
..~~~~~.).~~..~~≈~~~
...~..~~..~~~..~≈≈≈≈
......~~..~≈≈≈≈≈≈≈


You could see an alligator snapping turtle and a manticore.


Message History

* * * LOW HITPOINT WARNING * * *
The manticore closely misses you.
The manticore claws you but does no damage.
You block the manticore's attack. The merfolk misses you.
Send 'em back where they came from!
Your seven-headed hydra disappears in a puff of smoke!
HP[-6]
You take 6 damage, and now have 38/153 hp.
Casting: Summon Hydra (dangerous; 26% risk of failure)
Confirm with . or Enter, or press ? or * to list all spells.
Electricity surges outward!
The water nymph is struck by an electric surge.
The manticore is struck by an electric surge!!!
You kill the manticore!
The merfolk is struck by an electric surge!!
The nameless horror is struck by an electric surge.
* * * LOW HITPOINT WARNING * * *
You block the merfolk's attack.
The water nymph's watery aura covers the stone staircase leading up.
HP[-3]
You take 3 damage, and now have 35/153 hp.
Casting: Arcjolt (mildly dangerous; 1% risk of failure)
Confirm with . or Enter, or press ? or * to list all spells.
Electricity surges outward!
The water nymph is struck by an electric surge!!!
You kill the water nymph!
The nameless horror is struck by an electric surge.
The merfolk is struck by an electric surge!!!
You kill the merfolk!
* * * LOW HITPOINT WARNING * * *
An alligator snapping turtle comes into view.
The nameless horror barely misses you.
HP[-4]
You take 4 damage, and now have 31/153 hp.
Casting: Arcjolt (mildly dangerous; 1% risk of failure)
Confirm with . or Enter, or press ? or * to list all spells.
Electricity surges outward!
The nameless horror is struck by an electric surge!
* * * LOW HITPOINT WARNING * * *
A faun comes into view. It is wielding a +0 club.
The nameless horror closely misses you.
HP[-4]
You take 4 damage, and now have 27/153 hp.
Casting: Arcjolt (mildly dangerous; 1% risk of failure)
Confirm with . or Enter, or press ? or * to list all spells.
Electricity surges outward!
The nameless horror is struck by an electric surge!!!
You destroy the nameless horror!
That felt strangely unrewarding.
The manticore is struck by an electric surge!!
* * * LOW HITPOINT WARNING * * *
You hear a shout!
The faun unwields a +0 club.
The faun wields a +0 sling.
The faun shoots a sling bullet.
The sling bullet hits you.
* * * LOW HITPOINT WARNING * * *
The manticore flicks its tail.
The volley of spikes misses you.
HP[-7]
You take 7 damage, and now have 20/153 hp.
The barbed spikes dig painfully into your body as you move.
* * * LOW HITPOINT WARNING * * *
The faun shoots a sling bullet.
You block the sling bullet with your +0 kite shield of reflection... and reflect it back!
The sling bullet hits the faun!!
The manticore bites you but does no damage.
The manticore closely misses you. You block the manticore's attack.
You hear a shout!
Things that are here:
a +2 trident of protection {polearm}; a +0 leather armour; a merfolk corpse HP[-3]
You take 3 damage, and now have 17/153 hp.
Casting: Arcjolt (mildly dangerous; 1% risk of failure)
Confirm with . or Enter, or press ? or * to list all spells.
Electricity surges outward!
The manticore is struck by an electric surge!
* * * LOW HITPOINT WARNING * * *
The faun shoots a sling bullet.
The sling bullet hits you but does no damage.
You block the manticore's attack. The manticore completely misses you.
You block the manticore's attack.
HP[-4]
You take 4 damage, and now have 13/153 hp.
Casting: Arcjolt (mildly dangerous; 1% risk of failure)
Confirm with . or Enter, or press ? or * to list all spells.
Electricity surges outward!
The manticore is struck by an electric surge.
* * * LOW HITPOINT WARNING * * *
The faun shoots a sling bullet.
You block the sling bullet with your +0 kite shield of reflection... and reflect it back!
The sling bullet hits the faun!!
The manticore closely misses you. You block the manticore's attack.
The manticore barely misses you.
A faun comes into view. It is wielding a +0 quarterstaff.
HP[-4]
You take 4 damage, and now have 9/153 hp.
Casting: Arcjolt (mildly dangerous; 1% risk of failure)
Confirm with . or Enter, or press ? or * to list all spells.
You blink.
* * * LOW HITPOINT WARNING * * *
The alligator snapping turtle bites you from afar!!
You die...

Skill      XL: |  1  2  3  4  5  6  7  8  9 10 11 12 13 14 15 16 17 18 |
---------------+-------------------------------------------------------+-----
Spellcasting   | 4 5 6 7 8 9 10 11 12 13 14 15 | 15.2
Fighting       | 3 5 7 9 10 11 13 14 15 16 17 18 | 18.4
Armour         | 3 4 6 7 8 9 10 11 12 | 12.2
Stealth        | 3 4 5 |  5.0
Dodging        | 4 6 7 8 9 10 11 | 11.1
Shields        | 3 5 7 |  7.4
Transmutations | 15 |  0.0
Alchemy        | 20 | 20.7
Conjurations   | 15 | 15.2
Hexes          | 15 | 15.2
Summonings     | 15 | 15.2
Necromancy     | 15 | 15.2
Translocations | 15 | 15.2
Fire Magic     | 15 | 15.2
Ice Magic      | 15 | 15.2
Air Magic      | 15 | 15.2
Earth Magic    | 15 | 15.2

Action                     |  1- 3 |  4- 6 |  7- 9 | 10-12 | 13-15 | 16-18 || total
---------------------------+-------+-------+-------+-------+-------+-------++-------
  Melee: Spear             |       |       |     2 |     2 |     1 |     9 ||    14
   Cast: Magic Dart        |    89 |   129 |    60 |   185 |    68 |     2 ||   533
         Searing Ray       |       |     5 |       |     1 |     2 |     4 ||    12
         Blink             |       |     1 |       |       |       |     5 ||     6
         Fulminant Prism   |       |     4 |    44 |    92 |   224 |    81 ||   445
         Iskenderun's Myst |       |       |    19 |    78 |   120 |   115 ||   332
         Arcjolt           |       |       |       |    10 |   122 |    71 ||   203
         Ignite Poison     |       |       |       |     1 |       |     1 ||     2
         Irradiate         |       |       |       |       |     2 |       ||     2
         Conjure Ball Ligh |       |       |       |       |     9 |    79 ||    88
         Summon Hydra      |       |       |       |       |       |    75 ||    75
         Necrotise         |       |       |       |       |       |     3 ||     3
 Invoke: Curse Item        |       |       |       |     1 |     3 |     1 ||     5
  Evoke: Wand              |       |       |       |     1 |       |       ||     1
    Use: Scroll            |       |       |       |    15 |     3 |     3 ||    21
   Stab: Distracted        |       |       |       |       |       |     1 ||     1
 Armour: Robe              |       |    12 |     5 |     7 |       |       ||    24
         Scale mail        |       |       |       |     5 |    25 |   192 ||   222
         Steam dragon scal |       |       |       |    20 |       |       ||    20
         Leather armour    |       |       |       |       |     4 |       ||     4
  Dodge: Dodged            |     4 |    40 |    35 |    91 |    79 |   259 ||   508
  Block: Other             |       |       |       |    14 |     3 |     1 ||    18
         Reflection        |       |       |       |     2 |     6 |    12 ||    20
         Kite shield       |       |       |       |       |    68 |   311 ||   379

Levels and vault maps discovered:
D:1:      evilmike_arrival_hilbert_curve, layout_basic,
          hellmonk_ecumenical_altar_slurped_away
D:2:      layout_rooms
D:3:      layout_rooms, nicolae_yredelemnul_corpse_copse, uniq_robin
D:4:      layout_gridville, uniq_duvessa
D:5:      layout_rooms, lemuel_doored_altar, grunt_qazlal_sundering,
          minmay_temple_entry_fiery, minmay_chambers_of_fives, uniq_menkaure,
          uniq_crazy_yiuf_cottage, uniq_pikel
D:6:      layout_loops_ring, kennysheep_vampire_church
D:7:      kb_forest_paths, layout_basic, tso_altar, mainiacjoe_overflow_alcove_4
D:8:      layout_loops_corners, overflow_temple_1_default, xom_butterflies,
          hellmonk_scale_shop
D:9:      layout_loops_ring, minivault_14
D:10:     layout_cave_pools, marbit_many_paths, grunt_dithmenos_smoke,
          overflow_temple_1_default, mainiacjoe_overflow_chevrons, orc_0_dummy,
          minmay_statue_crystal_thing
D:11:     layout_grid_maze, lair_entry_dummy, gauntlet_entry_generic, uniq_snorg
D:12:     layout_roguey, serial_shops, shop, kennysheep_nondescript,
          glass_columns_b
D:13:     layout_layer_cave, david_vaults_5, kennysheep_generic_room_12
Temple:   compressed_dpeg_circular_temple
Lair:1:   layout_gridlike, uniq_erica, uniq_harold
Lair:2:   layout_cave_pods, elwin_shoals_entry_stream,
          nicolae_spider_entry_orb_guardian, gammafunk_ghost_split,
          chequers_serial_rivers_room_b, grunt_megastairs_3, uniq_gastronok,
          uniq_nergalle
Lair:3:   layout_hall_layers, grunt_forest_small_clearing_treed,
          grunt_megastairs_1
Lair:4:   layout_gridlike, slime_entry_1
Lair:5:   evil_forest, layout_layer_cave, minivault_25, guppyfry_lair_drakes
Shoals:1: layout_shoals, hangedman_shoals_cup_caves
Shoals:2: layout_shoals, regret_index_shoals_crete, uniq_polyphemus,
          uniq_ilsuiw, uniq_mlioglotl
Spider:1: layout_spider_delve, drop_trap, hangedman_spider_tarantella_strand
Spider:2: nicolae_spider_hilbert_zone_5 [nicolae_spider_hilbert_3_sides_1_open,
          nicolae_spider_hilbert_4_sides_1_open,
          nicolae_spider_hilbert_4_sides_1_open,
          nicolae_spider_hilbert_6_sides_1_open,
          nicolae_spider_hilbert_6_sides_1_open]
Spider:3: layout_chambers, uniq_donald
Spider:4: grunt_spider_rune_parallel, uniq_aizul
Orc:1:    layout_caves
Orc:2:    st_orc_pillars, layout_caves, okawaru_metal_pillars_3

Notes
Turn   | Place    | Note
-------+----------+-------------------------------------------
     0 | D:1      | zeratav the Djinni Conjurer began the quest for the Orb.
     0 | D:1      | zeratav set off with the following spells memorised: Magic
                  | Dart, Searing Ray, Dazzling Flash, Fulminant Prism,
                  | Iskenderun's Mystic Blast.
     0 | D:1      | Reached XP level 1. HP: 15/15 MP: 0/0
     0 | D:1      | magus.rc [v1.9.6]
   283 | D:1      | Found a faded altar of an unknown god.
   290 | D:1      | Reached XP level 2. HP: 16/21 MP: 0/0
   522 | D:1      | Reached XP level 3. HP: 24/25 MP: 0/0
   522 | D:1      | Learned a level 1 spell: Necrotise
   808 | D:1      | Reached skill level 4 in Spellcasting
  1198 | D:2      | Reached XP level 4. HP: 26/31 MP: 0/0
  1903 | D:3      | Reached XP level 5. HP: 34/35 MP: 0/0
  1903 | D:3      | Learned a level 2 spell: Blink
  2162 | D:3      | Noticed Robin
  2168 | D:3      | Killed Robin
  2169 | D:3      | Reached skill level 5 in Spellcasting
  2263 | D:3      | Found a basalt altar of Yredelemnul.
  2685 | D:4      | Reached XP level 6. HP: 38/40 MP: 0/0
  3131 | D:4      | Noticed Duvessa
  3132 | D:4      | Noticed Dowan
  3140 | D:4      | Killed Duvessa
  3141 | D:4      | Reached skill level 6 in Spellcasting
  3141 | D:4      | Reached XP level 7. HP: 34/45 MP: 0/0
  3141 | D:4      | Learned a level 3 spell: Teleport Other
  3168 | D:4      | Killed Dowan
  3479 | D:5      | Entered Level 5 of the Dungeon
  3501 | D:5      | Found an opulent altar of Gozag.
  3514 | D:5      | Reached skill level 1 in Fighting
  3613 | D:5      | Noticed Menkaure
  3627 | D:5      | Killed Menkaure
  3628 | D:5      | Reached skill level 2 in Fighting
  3863 | D:5      | Reached skill level 3 in Fighting
  3863 | D:5      | Reached XP level 8. HP: 30/56 MP: 0/0
  4077 | D:5      | Noticed a wyvern
  4078 | D:5      | Noticed Pikel
  4170 | D:5      | Reached skill level 7 in Spellcasting
  4279 | D:5      | Killed Pikel
  4280 | D:5      | Reached skill level 5 in Fighting
  4280 | D:5      | Reached XP level 9. HP: 50/65 MP: 0/0
  4280 | D:5      | Learned a level 4 spell: Ignite Poison
  4455 | D:5      | Found a stormy altar of Qazlal.
  4522 | D:5      | Found a staircase to the Ecumenical Temple.
  4540 | Temple   | Entered the Ecumenical Temple
  4853 | D:5      | Found a runed translucent door.
  4854 | D:5      | Noticed Crazy Yiuf
  4946 | D:6      | Reached skill level 6 in Fighting
  4952 | D:6      | Reached skill level 8 in Spellcasting
  5612 | D:6      | Reached skill level 7 in Fighting
  6248 | D:7      | Reached XP level 10. HP: 55/75 MP: 0/0
  6450 | D:7      | Reached skill level 1 in Armour
  6450 | D:7      | Reached skill level 2 in Stealth
  6614 | D:7      | Reached skill level 3 in Dodging
  6656 | D:7      | Reached skill level 8 in Fighting
  6996 | D:7      | Reached skill level 2 in Armour
  6996 | D:7      | Reached skill level 9 in Spellcasting
  7254 | D:7      | Found a glowing silver altar of Zin.
  7284 | D:7      | Found a glowing golden altar of the Shining One.
  7567 | D:8      | Found a sacrificial altar of Ru.
  8034 | D:8      | Found Gajedd's Superior Scales.
  8039 | D:8      | Bought the +0 scale mail of Impatience {rC+ Will+ Int+2}
                  | for 333 gold pieces
  8303 | D:8      | Found a shimmering altar of Xom.
  8637 | D:9      | Reached skill level 3 in Stealth
  8787 | D:9      | Reached skill level 4 in Dodging
  8789 | D:9      | HP: 9/77 [orc priest/divine providence (13)]
  9128 | D:9      | Reached skill level 3 in Armour
  9194 | D:9      | Identified the amulet "Kasaapemp" {Reflect rF++ Will+ SH+5}
  9413 | D:9      | Reached skill level 9 in Fighting
  9413 | D:9      | Reached XP level 11. HP: 75/84 MP: 0/0
  9413 | D:9      | Learned a level 5 spell: Arcjolt
 10123 | D:10     | Entered Level 10 of the Dungeon
 10123 | D:10     | Found a staircase to the Orcish Mines.
 10165 | D:10     | Noticed a two-headed ogre
 10178 | D:10     | Killed a two-headed ogre
 10179 | D:10     | Reached skill level 5 in Dodging
 10179 | D:10     | Reached skill level 4 in Stealth
 10326 | D:10     | Reached skill level 4 in Armour
 10452 | D:10     | Found a sparkling altar of Nemelex Xobeh.
 10453 | D:10     | Found a shadowy altar of Dithmenos.
 10461 | D:10     | Found a runed translucent door.
 10501 | D:10     | Found a broken altar of Ashenzari.
 10523 | D:10     | Found a runed translucent door.
 10533 | D:10     | Found a runed translucent door.
 10579 | D:10     | Became a worshipper of Ashenzari the Shackled
 10702 | D:10     | Found a bloodstained altar of Trog.
 10971 | D:10     | Found a runed translucent door.
 11125 | D:10     | Noticed an orange crystal statue
 11303 | D:11     | You are sucked into a shaft and drop 2 floors!
 11313 | D:13     | Noticed a manticore
 11320 | D:13     | Killed a manticore
 11321 | D:13     | Reached skill level 10 in Fighting
 11321 | D:13     | Reached skill level 10 in Spellcasting
 11398 | D:12     | Found Mimafog's Armour Shop.
 11466 | D:11     | Found a staircase to the Lair.
 11543 | D:11     | Found a gate leading to a gauntlet.
 11552 | Gauntlet | Entered a Gauntlet
 11552 | Gauntlet | Noticed a fire crab
 11552 | Gauntlet | Noticed a death yak
 11552 | Gauntlet | Noticed a death yak
 11552 | Gauntlet | Noticed a death yak
 11552 | Gauntlet | Found a large runed translucent door.
 11552 | Gauntlet | Found a large runed translucent door.
 11552 | Gauntlet | Found a large runed translucent door.
 11552 | Gauntlet | Found a large runed translucent door.
 11552 | Gauntlet | Found a runed translucent door.
 11552 | Gauntlet | Found a large runed translucent door.
 11552 | Gauntlet | Found a large runed translucent door.
 11552 | Gauntlet | Found a transporter.
 11552 | Gauntlet | Found a transporter.
 11552 | Gauntlet | Found a large runed translucent door.
 11552 | Gauntlet | Found a large runed translucent door.
 11552 | Gauntlet | Found a runed translucent gate.
 11552 | Gauntlet | Found a runed translucent gate.
 11552 | Gauntlet | Found a transporter.
 11560 | Gauntlet | Found a transporter.
 11560 | Gauntlet | Noticed a necromancer
 11563 | Gauntlet | Found a transporter.
 11567 | Gauntlet | Found a runed translucent gate.
 11567 | Gauntlet | Found a runed translucent door.
 11573 | Gauntlet | Found a transporter.
 11588 | Gauntlet | Found a transporter.
 11598 | Gauntlet | Found a transporter.
 11612 | Gauntlet | Found a transporter.
 11620 | Gauntlet | Found a transporter.
 11637 | Gauntlet | Found a transporter.
 11641 | Gauntlet | Found a large runed translucent door.
 11641 | Gauntlet | Found a large runed translucent door.
 11642 | Gauntlet | Found a large runed translucent door.
 11642 | Gauntlet | Found a large runed translucent door.
 11643 | Gauntlet | Found a large runed translucent door.
 11643 | Gauntlet | Found a large runed translucent door.
 11643 | Gauntlet | Found a large runed translucent door.
 11643 | Gauntlet | Found a large runed translucent door.
 11688 | Gauntlet | Found a transporter.
 11688 | Gauntlet | Noticed a catoblepas
 12146 | Gauntlet | Killed a death yak
 12155 | Gauntlet | Killed a death yak
 12155 | Gauntlet | Killed a death yak
 12155 | Gauntlet | Killed a necromancer
 12156 | Gauntlet | Reached skill level 6 in Dodging
 12156 | Gauntlet | Reached XP level 12. HP: 34/93 MP: 0/0
 12467 | Gauntlet | Killed a catoblepas
 12468 | Gauntlet | Reached skill level 5 in Armour
 12468 | Gauntlet | Reached skill level 5 in Stealth
 12660 | Gauntlet | Identified the +1 shortbow "Holonin" {speed, Int+6}
 12660 | Gauntlet | Noticed a minotaur
 12669 | Gauntlet | HP: 23/94 [minotaur/arrow (20)]
 12676 | Gauntlet | HP: 11/94 [minotaur/arrow (3)]
 12677 | Gauntlet | Killed a minotaur
 12927 | Gauntlet | Identified the +0 leather armour of Inaction {Regen+ Str+4
                  | Int+3}
 12927 | Gauntlet | Identified the +6 spear "Rothall" {antimagic, rF+ rN+}
 12928 | Gauntlet | Got Yhogis's Gnosis Continued
 13412 | D:11     | Reached skill level 11 in Fighting
 13777 | D:11     | Noticed Snorg
 13790 | D:11     | Killed Snorg
 14123 | D:12     | Noticed a centaur warrior
 14129 | D:12     | Killed a centaur warrior
 14140 | D:12     | Reached skill level 6 in Armour
 14140 | D:12     | Reached skill level 7 in Dodging
 14284 | D:12     | Noticed a skeletal warrior
 14305 | D:12     | Killed a skeletal warrior
 14329 | D:12     | Noticed a skeletal warrior
 14377 | D:12     | Noticed a skeletal warrior
 14380 | D:12     | Noticed a skeletal warrior
 14671 | D:12     | Reached skill level 11 in Spellcasting
 14672 | D:12     | Reached XP level 13. HP: 60/101 MP: 0/0
 14672 | D:12     | Learned a level 5 spell: Irradiate
 15036 | D:12     | Reached skill level 12 in Fighting
 15215 | Lair:1   | Entered Level 1 of the Lair of Beasts
 15215 | Lair:1   | Noticed Harold
 15226 | Lair:1   | Killed Harold
 15261 | Lair:1   | Noticed Erica
 15563 | Lair:1   | Reached skill level 7 in Armour
 15573 | Lair:1   | Reached skill level 8 in Dodging
 15576 | Lair:1   | Killed Erica
 15830 | Lair:1   | Reached * piety under Ashenzari
 16411 | Lair:2   | Identified the ring of Oxesom {rElec rN+ Str+6}
 16537 | Lair:2   | Noticed Gastronok
 16821 | Lair:2   | Killed Gastronok
 16943 | Lair:2   | Identified the +0 pair of boots "Nelymil" {Drain Int+3
                  | Dex+3}
 16963 | Lair:2   | Found a runed translucent gate.
 16963 | Lair:2   | Found a runed translucent gate.
 16963 | Lair:2   | Found a runed translucent gate.
 16965 | Lair:2   | Noticed bmack86's ghost (journeyman MiFi)
 17129 | Lair:2   | Found a staircase to the Shoals.
 17241 | Lair:2   | Reached skill level 13 in Fighting
 17328 | Lair:2   | Noticed Nergalle
 17333 | Lair:2   | Killed Nergalle
 17598 | Lair:2   | Reached ** piety under Ashenzari
 17645 | Lair:2   | Found a hole to the Spider Nest.
 17656 | Lair:2   | Reached skill level 12 in Spellcasting
 17656 | Lair:2   | Reached XP level 14. HP: 93/112 MP: 0/0
 18304 | D:12     | Bought the +0 scale mail "Kaublinu" {rC+++ Regen+ rCorr
                  | Dex-3} for 588 gold pieces
 18665 | Lair:3   | Reached skill level 1 in Shields
 18959 | Lair:3   | Reached skill level 8 in Armour
 18959 | Lair:3   | Reached skill level 9 in Dodging
 18976 | Lair:3   | Reached skill level 2 in Shields
 19214 | Lair:4   | Found a staircase to the Slime Pits.
 19214 | Lair:4   | Found a viscous altar of Jiyva.
 19236 | Lair:4   | Reached *** piety under Ashenzari
 19932 | Lair:5   | Entered Level 5 of the Lair of Beasts
 20036 | Lair:5   | Reached skill level 3 in Shields
 20047 | Lair:5   | HP: 25/116 [acid dragon/splash of acid (9)]
 20233 | Lair:5   | Reached skill level 14 in Fighting
 20414 | Lair:5   | Reached XP level 15. HP: 99/122 MP: 0/0
 20414 | Lair:5   | Learned a level 6 spell: Conjure Ball Lightning
 20511 | Lair:5   | Reached skill level 4 in Shields
 20987 | Lair:5   | Reached skill level 9 in Armour
 21002 | Lair:5   | Reached skill level 10 in Dodging
 21098 | Lair:5   | Reached skill level 13 in Spellcasting
 21191 | Lair:5   | Found a burning altar of Makhleb.
 21197 | Lair:5   | Found a gateway to Hell.
 21704 | Orc:1    | Entered Level 1 of the Orcish Mines
 21855 | Orc:2    | Entered Level 2 of the Orcish Mines
 21969 | Orc:2    | Found a staircase to the Elven Halls.
 22060 | Orc:2    | Found an iron altar of Okawaru.
 22865 | Orc:2    | Reached skill level 5 in Shields
 23003 | Orc:2    | Reached skill level 15 in Fighting
 23129 | Orc:2    | Found Neonuth's Antique Weapon Emporium.
 23129 | Orc:2    | Found Cityed's Antique Weapon Emporium.
 23130 | Orc:2    | Found Emaimmad's Weapon Shoppe.
 23130 | Orc:2    | Found Tasedgh's Weapon Emporium.
 23142 | Orc:2    | Bought a blackened mace for 272 gold pieces
 23142 | Orc:2    | Identified the +2 mace of Context {heavy, rF+} (You bought
                  | it in a shop on level 2 of the Orcish Mines)
 23432 | Spider:1 | Entered Level 1 of the Spider Nest
 23432 | Spider:1 | Noticed a ghost moth
 23441 | Spider:1 | Killed a ghost moth
 23660 | Spider:1 | Reached XP level 16. HP: 81/130 MP: 0/0
 24437 | Spider:1 | Reached skill level 11 in Dodging
 24485 | Spider:2 | Reached skill level 6 in Shields
 24486 | Spider:2 | Reached skill level 10 in Armour
 24989 | Spider:2 | HP: 25/134 [disintegration (52)]
 25096 | Spider:1 | HP: 33/134 [spark wasp (5)]
 25318 | Spider:2 | Reached skill level 16 in Fighting
 25330 | Spider:2 | Reached skill level 14 in Spellcasting
 26010 | Spider:3 | Noticed Donald
 26110 | Spider:3 | Reached skill level 7 in Shields
 26223 | Spider:3 | Reached XP level 17. HP: 112/141 MP: 0/0
 26223 | Spider:3 | Learned a level 7 spell: Summon Hydra
 26680 | Spider:3 | Killed Donald
 27004 | Spider:3 | Reached skill level 11 in Armour
 27698 | Spider:4 | Entered Level 4 of the Spider Nest
 27800 | Spider:4 | Reached skill level 17 in Fighting
 28132 | Spider:4 | Noticed Aizul
 28143 | Spider:4 | Killed Aizul
 28620 | Spider:4 | Upgraded the game from 0.30-a0-728-gc68057be0a to
                  | 0.30-a0-737-gf23d94013f
 28620 | Spider:4 | magus.rc [v1.9.6]
 28620 | Spider:4 | Upgraded the game from 0.30-a0-737-gf23d94013f to
                  | 0.31-a0-355-g57cb03d3e8
 28620 | Spider:4 | magus.rc [v1.9.6]
 28777 | Spider:4 | Reached XP level 18. HP: 99/150 MP: 0/0
 29265 | Spider:4 | Got a gossamer rune of Zot
 29935 | Shoals:1 | Entered Level 1 of the Shoals
 30106 | Shoals:1 | Reached skill level 18 in Fighting
 30241 | Shoals:1 | Reached skill level 12 in Armour
 30243 | Shoals:1 | Reached skill level 15 in Transmutations
 30243 | Shoals:1 | Reached skill level 20 in Alchemy
 30243 | Shoals:1 | Upgraded the game from 0.31-a0-355-g57cb03d3e8 to
                  | 0.32-a0-119-g2e8054a333
 30243 | Shoals:1 | magus.rc [v1.9.6]
 30292 | Shoals:1 | Identified the +3 short sword "Ewnel" {freeze, ^Fragile
                  | rPois rC+++ Int+3}
 30317 | Shoals:1 | Identified the +4 ring mail of the Delightful Okapi {rC-
                  | rCorr Dex+6 SInv}
 30341 | Shoals:1 | Reached skill level 15 in Spellcasting
 30341 | Shoals:1 | Reached skill level 15 in Conjurations
 30341 | Shoals:1 | Reached skill level 15 in Hexes
 30341 | Shoals:1 | Reached skill level 15 in Summonings
 30341 | Shoals:1 | Reached skill level 15 in Necromancy
 30341 | Shoals:1 | Reached skill level 15 in Translocations
 30341 | Shoals:1 | Reached skill level 15 in Fire Magic
 30341 | Shoals:1 | Reached skill level 15 in Ice Magic
 30341 | Shoals:1 | Reached skill level 15 in Air Magic
 30341 | Shoals:1 | Reached skill level 15 in Earth Magic
 30475 | Shoals:1 | HP: 34/151 [snapping turtle (17)]
 31214 | Shoals:2 | HP: 20/153 [faun/sling bullet (3)]
 31218 | Shoals:2 | Demolished by an alligator snapping turtle

Vanquished Creatures
  Gastronok (Lair:2)
  Donald (Spider:3)
  2 emperor scorpions
  8 ghost moths
  3 broodmothers
  A stone giant (Shoals:1)
  A minotaur (Gauntlet)
  3 spark wasps
  A merfolk impaler (Shoals:2)
  Snorg (D:11)
  2 entropy weavers
  Harold (Lair:1)
  3 hydras
  3 catoblepae
  A centaur warrior (D:12)
  3 radroaches
  2 jorogumos
  Erica (Lair:1)
  2 boulder beetles
  A death scarab (Spider:1)
  A two-headed ogre (D:10)
  9 death yaks
  6 orc high priests (Orc:2)
  Nergalle (Lair:2)
  A sun demon (Lair:5)
  A sun moth (Spider:4)
  2 skysharks
  4 skeletal warriors (D:12)
  4 pharaoh ants
  10 sea snakes
  10 orb spiders
  7 steelbarb worms
  An occultist (Lair:5)
  Pikel (D:5)
  5 harpies (Shoals:1)
  3 orc knights (Orc:2)
  14 wolf spiders
  2 orc sorcerers
  A necromancer (Gauntlet)
  An oklob plant (Lair:5)
  An ugly thing (D:12)
  5 cyclopes
  22 elephants
  6 manticores
  A moth of wrath (Spider:1)
  2 water nymphs (Shoals:2)
  5 merfolk sirens
  10 cane toads
  4 black mambas
  2 orange demons (Lair:5)
  9 demonic crawlers
  2 molten gargoyles (Gauntlet)
  3 torpor snails
  An unseen horror (D:12)
  11 komodo dragons
  2 gargoyles
  5 rime drakes (Lair:5)
  4 ice devils (Lair:5)
  9 merfolk
  5 trolls
  2 polar bears
  8 meliai
  4 wind drakes (Shoals:1)
  A hellwing (Lair:5)
  21 tarantellas
  6 dream sheep (Lair:5)
  6 blink frogs
  2 snapping turtles
  25 jumping spiders
  18 culicivoras
  9 slime creatures (D:12)
  2 shadows
  4 wyverns
  A vampire (D:12)
  27 yaks
  3 water elementals (Shoals:1)
  2 wraiths
  A basilisk (Lair:4)
  A fire elemental (Lair:1)
  57 redbacks
  3 steam dragons
  Menkaure (D:5)
  7 vampire mosquitoes
  A warg (Orc:2)
  2 acid dragons
  4 hell hounds (Lair:5)
  Duvessa (D:4)
  12 water moccasins
  33 orc warriors
  A sky beast (D:6)
  5 nameless horrors
  3 black bears
  An ice beast (D:6)
  8 ogres
  4 centaurs
  A phantom (D:6)
  3 lemures (D:5)
  2 kobold brigands (D:8)
  9 bullfrogs
  3 scorpions
  A gnoll sergeant (D:10)
  13 wights
  26 killer bees
  Dowan (D:4)
  2 vampire bats (D:6)
  2 electric eels (D:9)
  32 orc priests
  2 hounds
  2 jellies (D:6)
  5 hell rats (Lair:4)
  A scorpion zombie (D:3)
  3 iguanas
  21 orc wizards
  Robin (D:3)
  3 gnolls (D:4)
  10 adders
  2 shadow imps
  2 adder zombies (D:3)
  3 ribbon worms
  2 dart slugs (D:2)
  70 orcs
  3 ball pythons
  A bat skeleton (D:6)
  3 bat zombies (D:6)
  8 endoplasms
  2 giant cockroaches
  12 goblins
  7 hobgoblins
  7 jackals
  4 quokkas
  11 bats
  6 frilled lizards
  21 kobolds
  A quokka zombie (D:3)
  5 rats
  2 butterflies (D:8)
  3 fulminant prisms
838 creatures vanquished.

Vanquished Creatures (collateral kills)
  2 emperor scorpions (Spider:4)
  Aizul (Spider:4)
  3 entropy weavers (Spider:3)
  A merfolk aquamancer (Shoals:1)
  A boulder beetle (Spider:3)
  A nameless horror (Spider:3)
  A sun moth (Spider:4)
  3 pharaoh ants
  2 orb spiders
  7 steelbarb worms
  7 wolf spiders (Spider:4)
  A faun (Shoals:1)
  3 demonic crawlers (Spider:3)
  A torpor snail (Spider:3)
  A meliai (Spider:3)
  11 tarantellas
  A snapping turtle (Shoals:1)
  7 jumping spiders
  8 culicivoras
  19 redbacks
  6 ball lightnings
87 creatures vanquished.

Vanquished Creatures (others)
  A boulder beetle (Spider:2)
  202 ball lightnings
  441 fulminant prisms
644 creatures vanquished.

Grand Total: 1569 creatures vanquished

Table legend:
 A = Non-vault XP
 B = Vault XP
 C = Vault XP percentage of total XP
 D = Non-vault monster count
 E = Vault monster count
 F = Vault count percentage of total count
                 A         B        C        D         E       F
            +---------+---------+-------+---------+---------+-------
      Total |  171828 |   72398 |  29.6 |     685 |     221 |  24.4
            +---------+---------+-------+---------+---------+-------
        D:1 |      37 |       2 |   5.1 |      23 |       1 |   4.2
        D:2 |      80 |       0 |   0.0 |      27 |       0 |   0.0
        D:3 |      55 |      86 |  61.0 |      21 |      16 |  43.2
        D:4 |     178 |     208 |  53.9 |      17 |       2 |  10.5
        D:5 |     163 |    1403 |  89.6 |       7 |       7 |  50.0
        D:6 |    1280 |     120 |   8.6 |      20 |       6 |  23.1
        D:7 |     930 |     487 |  34.4 |      16 |       4 |  20.0
        D:8 |     704 |     181 |  20.5 |      21 |       1 |   4.5
        D:9 |    2874 |       0 |   0.0 |      51 |       0 |   0.0
       D:10 |    3991 |      83 |   2.0 |      23 |       1 |   4.2
       D:11 |    1551 |     920 |  37.2 |       9 |       1 |  10.0
       D:12 |    9643 |       0 |   0.0 |      28 |       0 |   0.0
       D:13 |     487 |       0 |   0.0 |       1 |       0 |   0.0
     Lair:1 |    1653 |    1726 |  51.1 |       7 |       2 |  22.2
     Lair:2 |    3499 |    7701 |  68.8 |      14 |      15 |  51.7
     Lair:3 |    7280 |     389 |   5.1 |      18 |       1 |   5.3
     Lair:4 |    3865 |       0 |   0.0 |      16 |       0 |   0.0
     Lair:5 |   16658 |   10927 |  39.6 |      39 |      30 |  43.5
   Shoals:1 |   12259 |    6126 |  33.3 |      26 |      12 |  31.6
   Shoals:2 |    7539 |       0 |   0.0 |      14 |       0 |   0.0
   Spider:1 |   22161 |    1675 |   7.0 |      65 |       3 |   4.4
   Spider:2 |   19880 |    6037 |  23.3 |      57 |      10 |  14.9
   Spider:3 |   23163 |    1297 |   5.3 |      62 |       1 |   1.6
   Spider:4 |   25836 |   17635 |  40.6 |      48 |      35 |  42.2
      Orc:1 |    2725 |       0 |   0.0 |      28 |       0 |   0.0
      Orc:2 |    3337 |    9222 |  73.4 |      27 |      64 |  70.3
   Gauntlet |       0 |    6173 | 100.0 |       0 |       9 | 100.0
            +---------+---------+-------+---------+---------+-------

Skill      XL: |  1  2  3  4  5  6  7  8  9 10 11 12 13 14 15 16 17 18 |
---------------+-------------------------------------------------------+-----
Spellcasting   | 4 5 6 7 8 9 10 11 12 13 14 15 | 15.2
Fighting       | 3 5 7 9 10 11 13 14 15 16 17 18 | 18.4
Armour         | 3 4 6 7 8 9 10 11 12 | 12.2
Stealth        | 3 4 5 |  5.0
Dodging        | 4 6 7 8 9 10 11 | 11.1
Shields        | 3 5 7 |  7.4
Transmutations | 15 |  0.0
Alchemy        | 20 | 20.7
Conjurations   | 15 | 15.2
Hexes          | 15 | 15.2
Summonings     | 15 | 15.2
Necromancy     | 15 | 15.2
Translocations | 15 | 15.2
Fire Magic     | 15 | 15.2
Ice Magic      | 15 | 15.2
Air Magic      | 15 | 15.2
Earth Magic    | 15 | 15.2

Action                     |  1- 3 |  4- 6 |  7- 9 | 10-12 | 13-15 | 16-18 || total
---------------------------+-------+-------+-------+-------+-------+-------++-------
  Melee: Spear             |       |       |     2 |     2 |     1 |     9 ||    14
   Cast: Magic Dart        |    89 |   129 |    60 |   185 |    68 |     2 ||   533
         Searing Ray       |       |     5 |       |     1 |     2 |     4 ||    12
         Blink             |       |     1 |       |       |       |     5 ||     6
         Fulminant Prism   |       |     4 |    44 |    92 |   224 |    81 ||   445
         Iskenderun's Myst |       |       |    19 |    78 |   120 |   115 ||   332
         Arcjolt           |       |       |       |    10 |   122 |    71 ||   203
         Ignite Poison     |       |       |       |     1 |       |     1 ||     2
         Irradiate         |       |       |       |       |     2 |       ||     2
         Conjure Ball Ligh |       |       |       |       |     9 |    79 ||    88
         Summon Hydra      |       |       |       |       |       |    75 ||    75
         Necrotise         |       |       |       |       |       |     3 ||     3
 Invoke: Curse Item        |       |       |       |     1 |     3 |     1 ||     5
  Evoke: Wand              |       |       |       |     1 |       |       ||     1
    Use: Scroll            |       |       |       |    15 |     3 |     3 ||    21
   Stab: Distracted        |       |       |       |       |       |     1 ||     1
 Armour: Robe              |       |    12 |     5 |     7 |       |       ||    24
         Scale mail        |       |       |       |     5 |    25 |   192 ||   222
         Steam dragon scal |       |       |       |    20 |       |       ||    20
         Leather armour    |       |       |       |       |     4 |       ||     4
  Dodge: Dodged            |     4 |    40 |    35 |    91 |    79 |   259 ||   508
  Block: Other             |       |       |       |    14 |     3 |     1 ||    18
         Reflection        |       |       |       |     2 |     6 |    12 ||    20
         Kite shield       |       |       |       |       |    68 |   311 ||   379

Illustrated notes

Table legend:
 A = Kills in this place as a percentage of kills in the entire game.
 B = Kills by you in this place as a percentage of kills by you in the entire game.
 C = Kills by friends in this place as a percentage of kills by friends in the entire game.
 D = Other kills in this place as a percentage of other kills in the entire game.
 E = Experience gained in this place as a percentage of experience gained in the entire game.
 F = Experience gained in this place divided by the number of levels of this place that you have seen.
                   A       B       C       D       E      F
               +-------+-------+-------+-------+-------+----------------------
         Total | 100.0 | 100.0 | 100.0 | 100.0 | 100.0 | 8722.4
       Dungeon |  33.4 |  36.7 |   0.0 |   0.0 |  10.4 | 1958.7
          Lair |  15.7 |  17.2 |   0.0 |   0.0 |  22.0 | 10739.6
        Shoals |   5.7 |   5.9 |   3.8 |   0.0 |  10.6 | 12962.0
   Spider Nest |  31.0 |  24.6 |  96.2 | 100.0 |  48.2 | 29421.0
  Orcish Mines |  13.1 |  14.4 |   0.0 |   0.0 |   6.3 | 7642.0
      Gauntlet |   1.0 |   1.1 |   0.0 |   0.0 |   2.5 | 6173.0
               +-------+-------+-------+-------+-------+----------------------

Table legend: (Time is in decaauts)
 A = Elapsed time spent in this place.
 B = Non-inter-level travel time spent in this place.
 C = Inter-level travel time spent in this place.
 D = Time resting spent in this place.
 E = Time spent auto-exploring this place.
 F = Levels seen in this place.
 G = Mean time per level.
                   A        B        C        D        E       F      G
               +--------+--------+--------+--------+--------+-----+--------+
         Total |  31286 |  28914 |   2372 |   7079 |  15512 |  28 | 1117.4 |
       Dungeon |  14360 |  13261 |   1099 |   2680 |   8657 |  13 | 1104.6 |
        Temple |     99 |     89 |     10 |      0 |     81 |   1 |   99.0 |
          Lair |   6422 |   5652 |    770 |   1393 |   3261 |   5 | 1284.4 |
        Shoals |   1283 |   1280 |      3 |    344 |    392 |   2 |  641.5 |
   Spider Nest |   6074 |   5701 |    373 |   1704 |   2247 |   4 | 1518.5 |
  Orcish Mines |   1652 |   1537 |    115 |    286 |    699 |   2 |  826.0 |
      Gauntlet |   1392 |   1392 |      0 |    672 |    175 |   1 | 1392.0 |
               +--------+--------+--------+--------+--------+-----+--------+

Top non-repeatable levels by time:
    D:11: 1889 daAuts
Spider:1: 1811 daAuts
  Lair:2: 1794 daAuts
Spider:4: 1744 daAuts
Spider:3: 1646 daAuts
     D:8: 1580 daAuts
Gauntlet: 1392 daAuts
  Lair:1: 1366 daAuts
     D:4: 1365 daAuts
     D:9: 1335 daAuts
     D:7: 1325 daAuts
  Lair:5: 1307 daAuts
Shoals:1: 1241 daAuts
  Lair:4: 1162 daAuts
    D:12: 1160 daAuts
